 Dungeon Crawl Stone Soup version 0.28-a0-1206-g193881aaa2 (webtiles) character file.

Game seed: 3012039665232808239

11077 septik the Executioner (level 11, -6/82 HPs)
             Began as a Minotaur Berserker on Dec 20, 2021.
             Was an Elder of Trog.
             Mangled by a large abomination (15 damage)
             ... on level 10 of the Dungeon.
             The game lasted 00:23:57 (8640 turns).

septik the Executioner (Minotaur Berserker)         Turns: 8640, Time: 00:23:57

Health: -6/82      AC: 14    Str: 27    XL:     11   Next: 44%
Magic:  10/10      EV:  6    Int:  4    God:    Trog [****..]
Gold:   499        SH:  2    Dex:  9    Spells: 10/10 levels left

rFire   . . .      SeeInvis .   v - +0 whip (elec)
rCold   . . .      Faith    .   K - +0 buckler
rNeg    . . .      Spirit   .   a - +0 plate armour
rPois   +          Reflect  .   (helmet restricted)
rElec   .          Harm     .   S - +1 cloak of Sasuq {Will+ Regen+ Stlth-}
rCorr   +          Rampage  .   (no gloves)
Will    +....                   M - +0 pair of boots
Stlth   ..........              p - amulet of regeneration
HPRegen 1.83/turn               t - ring of poison resistance
MPRegen 0.12/turn               C - ring of resist corrosion

@: on berserk cooldown, slowed, studying Fighting, very slow
A: horns 2, retaliatory headbutt
a: Renounce Religion, Berserk, Trog's Hand, Brothers in Arms


You were on level 10 of the Dungeon.
You worshipped Trog.
Trog was greatly pleased with you.
You visited 2 branches of the dungeon, and saw 11 of its levels.
You also visited: Sewer.

You collected 654 gold pieces.
You spent 155 gold pieces at shops.

Inventory:

Hand Weapons
 v - a +0 whip of electrocution (weapon)
 w - a +2 mace of protection
 G - a +0 whip of freezing
 N - a +0 war axe
Missiles
 l - 47 poisoned darts (quivered)
 q - 161 stones
 U - 6 throwing nets
Armour
 a - a +0 plate armour (worn)
 K - a +0 buckler (worn)
 M - a +0 pair of boots (worn)
 S - the +1 cloak of Sasuq (worn) {Will+ Regen+ Stlth-}
   (You found it on level 7 of the Dungeon)

   Regen:     It increases your rate of health regeneration.
   Will:      It increases your willpower.
   Stlth:     It makes you less stealthy.
Jewellery
 p - an amulet of regeneration (around neck)
 t - a ring of poison resistance (left hand)
 C - a ring of resist corrosion (right hand)
Wands
 i - a wand of charming (2)
 A - a wand of acid (14)
 E - a wand of iceblast (15)
Scrolls
 g - 7 scrolls of teleportation
 j - 3 scrolls of vulnerability
 k - 3 scrolls of blinking
 o - a scroll of fog
 r - 3 scrolls of magic mapping
 x - a scroll of enchant armour {unknown}
 y - a scroll of silence {unknown}
 B - 2 scrolls of summoning {unknown}
 D - a scroll of enchant weapon {unknown}
 F - a scroll of brand weapon {unknown}
 H - a scroll of fear {unknown}
 R - 2 scrolls of holy word {unknown}
 W - a scroll of immolation {unknown}
Potions
 b - 2 potions of curing
 d - a potion of berserk rage
 e - 4 potions of haste
 f - a potion of lignification
 n - a potion of degeneration {unknown}
 s - 5 potions of heal wounds
 u - 2 potions of mutation
 z - 3 potions of flight
 L - a potion of might {unknown}
 P - a potion of attraction {unknown}
 V - a potion of brilliance {unknown}
 X - a potion of ambrosia {unknown}


   Skills:
 - Level 3.6 Fighting
 + Level 21.0 Axes
 - Level 2.4 Armour
 - Level 2.1 Dodging


You had 10 spell levels left.
You didn't know any spells.
Your spell library was empty.

Dungeon Overview and Level Annotations

Branches:
Dungeon (10/15)            Temple (1/1) D:4            Lair (0/6) D:9
    Orc (0/2) D:10          Sewer (visited)

Altars:
Ashenzari
Elyvilon
Kikubaaqudgha
Sif Muna
Vehumet
Wu Jian

Shops:
D:5 [:*?   D:8 *   D:9 ?   D:10 :


Innate Abilities, Weirdness & Mutations

You have a pair of horns on your head.
You reflexively headbutt those who attack you in melee.


Message History

Trog accepts your kill.
You block the large abomination's attack.
You whack the large abomination! You headbutt the large abomination!
The large abomination is moderately damaged.
The large abomination hits you!
Your shield prevents you from hitting the large abomination.
You headbutt the large abomination.
The large abomination is heavily damaged.
You are no longer berserk.
You are exhausted.
You feel yourself slow down.
You hit the large abomination but do no damage.
Lightning courses through the large abomination!
The large abomination is severely damaged.
You block the small abomination's attack.
The large abomination hits you!
The large abomination barely misses you.
You furiously retaliate!
You headbutt the large abomination!
You hit the large abomination but do no damage.
The large abomination is almost destroyed.
The small abomination completely misses you.
You furiously retaliate!
You headbutt the small abomination. The large abomination hits you!!
The small abomination hits you!
* * * LOW HITPOINT WARNING * * *
Unknown command.
You are too injured to fight recklessly!
Unknown command.
You are too injured to fight recklessly!
Unknown command.
The small abomination barely misses you.
The small abomination hits you but does no damage.
The small abomination hits you!
* * * LOW HITPOINT WARNING * * *
The small abomination hits you but does no damage.
Things that are here:
a +0 dagger; a +0 robe; a human corpse The small abomination hits you!
* * * LOW HITPOINT WARNING * * *
The large abomination hits you!
You die...

.........# #...#
.........###...#
......[........#
........####...#
.......## #...#
.#......####...###
.#.###).##.......#
.#......##.#...#.#
...[......######@###
###...#.###....Xx..#
.....##.###....X...#
....#.....#..X.....#
..........#........#
..........##'#######
..........#....#
..........#....+
..........#....#


You could see 3 large abominations and a small abomination.

Vanquished Creatures
  Harold (D:7)
  2 two-headed ogres
  Pikel (D:6)
  A wizard (D:10)
  2 large abominations (D:10)
  An ugly thing (D:10)
  Joseph (D:9)
  A gargoyle (D:7)
  A komodo dragon (D:6)
  A troll (D:10)
  Sigmund (D:2)
  3 shadows
  4 wyverns
  A basilisk (D:10)
  A yak (D:10)
  A steam dragon (D:9)
  6 small abominations (D:10)
  A water moccasin (D:8)
  2 orc warriors
  4 ice beasts
  Pargi (Sewer)
  A hornet zombie (D:6)
  2 necrophages
  2 ogres (D:5)
  4 centaurs
  A wolf (D:9)
  3 kobold brigands
  5 bullfrogs
  4 gnoll sergeants
  A water moccasin skeleton (D:4)
  5 killer bees
  5 wights
  2 bullfrog zombies
  A howler monkey (D:7)
  3 centaur zombies
  3 gnoll shamans
  2 orc priests
  2 centaur skeletons
  Crazy Yiuf (D:2)
  5 hounds
  3 jellies
  A bullfrog skeleton (D:6)
  Terence (D:2)
  3 iguanas
  2 orc wizards (D:6)
  A howler monkey zombie (D:10)
  21 gnolls
  6 adders
  A river rat (D:6)
  2 shadow imps
  2 ufetubi
  2 worms
  2 dart slugs (D:3)
  21 orcs
  6 bats
  8 endoplasms
  4 giant cockroaches
  3 goblins
  5 hobgoblins
  7 jackals
  19 kobolds
  6 quokkas
  20 ball pythons
  4 frilled lizards
  11 rats
250 creatures vanquished.

Vanquished Creatures (others)
  4 fungi (D:2)
4 creatures vanquished.

Grand Total: 254 creatures vanquished

Notes
Turn   | Place    | Note
-------+----------+-------------------------------------------
     0 | D:1      | septik the Minotaur Berserker began the quest for the Orb.
     0 | D:1      | Reached XP level 1. HP: 19/19 MP: 0/0
    84 | D:1      | Found a faded altar of an unknown god.
   122 | D:1      | Reached skill level 4 in Axes
   304 | D:1      | Reached XP level 2. HP: 26/26 MP: 1/1
   841 | D:1      | Reached skill level 5 in Axes
  1050 | D:2      | Reached XP level 3. HP: 31/31 MP: 2/2
  1101 | D:2      | Noticed Terence
  1109 | D:2      | Killed Terence
  1170 | D:2      | Reached XP level 4. HP: 39/39 MP: 3/3
  1226 | D:2      | Reached skill level 6 in Axes
  1244 | D:2      | Reached ** piety under Trog
  1393 | D:2      | Noticed Sigmund
  1412 | D:2      | Killed Sigmund
  1413 | D:2      | Reached skill level 8 in Axes
  1413 | D:2      | Reached XP level 5. HP: 45/45 MP: 4/4
  1615 | D:2      | Reached XP level 6. HP: 45/51 MP: 5/5
  1913 | D:2      | Found a runed translucent door.
  1914 | D:2      | Noticed Crazy Yiuf
  1921 | D:2      | Killed Crazy Yiuf
  2333 | D:3      | Found a radiant altar of Vehumet.
  2716 | D:4      | Reached skill level 9 in Axes
  2926 | D:4      | Found a staircase to the Ecumenical Temple.
  2975 | D:4      | Reached XP level 7. HP: 51/57 MP: 6/6
  2975 | D:4      | Reached *** piety under Trog
  2976 | D:4      | Reached skill level 10 in Axes
  3572 | Temple   | Entered the Ecumenical Temple
  3600 | D:5      | Entered Level 5 of the Dungeon
  3600 | D:5      | Found Nafid's General Store.
  3607 | D:5      | Reached skill level 11 in Axes
  3609 | D:5      | Bought a scroll of identify for 30 gold pieces
  3667 | D:5      | Found Ynuwech's Magic Scroll Emporium.
  3674 | D:5      | Bought a scroll of identify for 20 gold pieces
  3674 | D:5      | Bought a scroll of identify for 20 gold pieces
  3688 | D:5      | Found Mumumo Imepa's Book Boutique.
  3720 | D:5      | Reached XP level 8. HP: 64/64 MP: 7/7
  3814 | D:5      | Reached skill level 12 in Axes
  4018 | D:5      | Found a broken altar of Ashenzari.
  4214 | D:5      | Found Cesokyo's Antique Armour Boutique.
  4643 | D:6      | Found a glowing drain.
  4654 | Sewer    | Entered a sewer
  4722 | Sewer    | Noticed Pargi
  4728 | Sewer    | Killed Pargi
  4729 | Sewer    | Reached skill level 13 in Axes
  4749 | Sewer    | Reached **** piety under Trog
  4852 | D:6      | Noticed a komodo dragon
  4859 | D:6      | Killed a komodo dragon
  4937 | D:6      | Noticed Pikel
  4948 | D:6      | Killed Pikel
  4949 | D:6      | Reached skill level 14 in Axes
  4949 | D:6      | Reached XP level 9. HP: 46/70 MP: 8/8
  5133 | D:6      | Reached skill level 15 in Axes
  5385 | D:7      | Found a shimmering blue altar of Sif Muna.
  5425 | D:7      | Found a white marble altar of Elyvilon.
  5425 | D:7      | Found an ornate altar of the Wu Jian Council.
  5519 | D:7      | Noticed a gargoyle
  5535 | D:7      | Killed a gargoyle
  5536 | D:7      | Reached skill level 16 in Axes
  5724 | D:7      | Identified the +1 cloak of Sasuq {Will+ Regen+ Stlth-}
  5967 | D:7      | Noticed Harold
  5981 | D:7      | Killed Harold
  5982 | D:7      | Reached skill level 17 in Axes
  5982 | D:7      | Reached XP level 10. HP: 33/77 MP: 9/9
  6152 | D:8      | Found Vifokiq's Assorted Antiques.
  6195 | D:8      | Bought a silvery potion for 27 gold pieces
  6195 | D:8      | Bought a glowing emerald potion for 27 gold pieces
  6195 | D:8      | Bought a scroll labelled BULAIG NUGGA for 31 gold pieces
  6207 | D:8      | Noticed a two-headed ogre
  6213 | D:8      | Killed a two-headed ogre
  6514 | D:8      | Reached skill level 18 in Axes
  6840 | D:8      | Found an ancient bone altar of Kikubaaqudgha.
  6923 | D:9      | Found Zuesovvaxt's Magic Scroll Shoppe.
  6997 | D:9      | Noticed Joseph
  7012 | D:9      | Killed Joseph
  7243 | D:9      | Found a staircase to the Lair.
  7520 | D:9      | Reached skill level 19 in Axes
  7739 | D:10     | Entered Level 10 of the Dungeon
  7852 | D:10     | Noticed a white ugly thing
  7865 | D:10     | Killed a white ugly thing
  7983 | D:10     | Reached XP level 11. HP: 82/82 MP: 10/10
  8097 | D:10     | Reached skill level 20 in Axes
  8298 | D:10     | Found Zyequcko's Book Shoppe.
  8306 | D:10     | Noticed a two-headed ogre
  8313 | D:10     | Killed a two-headed ogre
  8486 | D:10     | Found a staircase to the Orcish Mines.
  8508 | D:10     | Noticed a wizard
  8517 | D:10     | Killed a wizard
  8597 | D:10     | Noticed a large abomination
  8608 | D:10     | Killed a large abomination
  8629 | D:10     | Reached skill level 21 in Axes
  8640 | D:10     | Mangled by a large abomination

Illustrated notes

Levels and vault maps discovered:
D:1:      saegor_arrival_simple_c, layout_basic,
          nicolae_ecumenical_snake_handling
D:2:      minmay_general_purpose_star, layout_basic, grunt_ministairs_10,
          uniq_terence, uniq_crazy_yiuf_cottage, uniq_sigmund
D:3:      layout_basic, fiery_altar_vehumet, patterned_corridor
D:4:      layout_loops_ring, minmay_temple_entry_statues_pillars, minivault_26
D:5:      layout_loops_cross, nicolae_ashenzari_panopticon, serial_shops, shop,
          nicolae_stop_n_shop_1, nicolae_shop_stone,
          nicolae_shop_advertising_works [nicolae_subvault_shop_adworks],
          minmay_curled_crystal, minmay_misc_feat_five
D:6:      layout_rooms, portal_sewer_entry_e, minmay_manual_mess, uniq_pikel
D:7:      layout_basic, chequers_temple_overflow_statue_of_worship,
          minmay_misc_feat_iff, minivault_19, uniq_harold
D:8:      layout_basic, kiku_gazebo_pond_becter, serial_shops, shop,
          due_unseen_surprise
D:9:      layout_big_octagon, lair_entry_dummy, serial_gnoll_camp,
          gnoll_camp_mini_shop, gnoll_camp_mini_loothouse,
          gnoll_camp_mini_basic, gnoll_camp_mini_hut, gnoll_camp_mini_basic,
          gnoll_camp_medium_01, uniq_joseph
D:10:     hangedman_cross_stitches, layout_rooms, orc_0_dummy, serial_shops,
          shop, laboratory
Temple:   eino_temple_scatter_basement

Skill      XL: |  1  2  3  4  5  6  7  8  9 10 11 |
---------------+----------------------------------+-----
Axes           | 4 5 8 9 11 14 17 19 21 | 21.0
Fighting       | |  3.6
Armour         | |  2.4
Dodging        | |  2.1

Action                   |  1- 3 |  4- 6 |  7- 9 | 10-12 || total
-------------------------+-------+-------+-------+-------++-------
Melee: Hand axe          |    65 |    52 |       |       ||   117
       Headbutt          |     5 |    26 |    49 |    76 ||   156
       Mace              |       |    85 |   141 |       ||   226
       Whip              |       |       |   139 |   352 ||   491
Invok: Berserk           |     3 |     4 |     5 |    10 ||    22
       Trog's Hand       |       |     1 |       |     2 ||     3
  Use: Scroll            |       |       |    11 |     2 ||    13
Armor: Animal skin       |     2 |       |       |       ||     2
       Scale mail        |    13 |    77 |    22 |       ||   112
       Ring mail         |     5 |       |       |       ||     5
       Chain mail        |       |       |    89 |   111 ||   200
       Plate armour      |       |       |       |    32 ||    32
Dodge: Dodged            |    38 |    88 |   103 |    99 ||   328
Block: Buckler           |       |       |       |    22 ||    22

Table legend: (Time is in decaauts)
 A = Elapsed time spent in this place.
 B = Non-inter-level travel time spent in this place.
 C = Inter-level travel time spent in this place.
 D = Time resting spent in this place.
 E = Time spent auto-exploring this place.
 F = Levels seen in this place.
 G = Mean time per level.
                   A        B        C        D        E       F      G
               +--------+--------+--------+--------+--------+-----+--------+
         Total |   8673 |   8318 |    355 |    661 |   5492 |  12 |  722.8 |
       Dungeon |   8523 |   8168 |    355 |    661 |   5395 |  10 |  852.3 |
        Temple |      1 |      1 |      0 |      0 |      0 |   1 |    1.0 |
         Sewer |    148 |    148 |      0 |      0 |     97 |   1 |  148.0 |
               +--------+--------+--------+--------+--------+-----+--------+

Top non-repeatable levels by time:
     D:1: 1101 daAuts
     D:9: 1008 daAuts
     D:2: 960 daAuts
     D:5: 946 daAuts
     D:4: 925 daAuts
     D:8: 746 daAuts
     D:7: 726 daAuts
     D:6: 704 daAuts
    D:10: 703 daAuts
     D:3: 700 daAuts
   Sewer: 148 daAuts
  Temple: 1 daAuts
